TOP OF THE 1ST |
Clemson University Tigers batting - Pitching for University of Michigan Wolverines : RHP Henrik Berg
|
Pitching: RHP Henrik Berg
|
|
Batting: LHB Steve Gates
|
0-0: Ball 1-0: Ball 2-0: Ground out 4-3 (Groundball, 4, EV 108.8 MPH)
|
Batting: RHB Josh LeSage
|
0-0: Called Strike 0-1: Called Strike 0-2: Strikes out swinging
|
Batting: LHB George Jedinak
|
0-0: Ball 1-0: Swinging Strike 1-1: Ground out 4-3 (Groundball, 4, EV 105.0 MPH)
|
Top of the 1st over - 0 runs, 0 hits, 0 errors, 0 left on base; Clemson University 0 - University of Michigan 0 |
BOTTOM OF THE 1ST |
University of Michigan Wolverines batting - Pitching for Clemson University Tigers : RHP Ken Stump
|
Pitching: RHP Ken Stump
|
|
Batting: RHB Chris Williamson
|
0-0: Ball 1-0: Foul Ball, location: 2F 1-1: Foul Ball, location: 2F 1-2: Hit by Pitch
|
Batting: RHB Quirino Portel
|
0-0: Fly out, F2 (Popup, 23F, EV 84.4 MPH)
|
Batting: RHB Danny Arroyo
|
0-0: Ball 1-0: Ball Passed Ball! Chris Williamson to second 2-0: Ground out 5-3 (Groundball, 56, EV 80.6 MPH)
|
Batting: LHB Omar Gutierrez
|
0-0: Called Strike 0-1: Ball 1-1: Reached on error, E6 (Groundball, 6, EV 86.9 MPH) Chris Williamson to third
|
Batting: LHB Lance Sabo
|
0-0: Ball Passed Ball! Chris Williamson scores Omar Gutierrez to second 1-0: Ball 2-0: Foul Ball, location: 2F 2-1: Foul Ball, location: 2F 2-2: Ball 3-2: Strikes out swinging
|
Bottom of the 1st over - 1 run, 0 hits, 1 error, 1 left on base; Clemson University 0 - University of Michigan 1 |
TOP OF THE 2ND |
Clemson University Tigers batting - Pitching for University of Michigan Wolverines : RHP Henrik Berg
|
Batting: RHB David Rhodes
|
0-0: Ball 1-0: Ball 2-0: Ball 3-0: Base on Balls
|
Batting: LHB Mario Nunez
|
0-0: Ball 1-0: Called Strike 1-1: Ball 2-1: Called Strike 2-2: Foul Ball, location: 2F 2-2: Foul Ball, location: 2F 2-2: Ball 3-2: Base on Balls David Rhodes to second
|
Batting: RHB Jason Duncan
|
0-0: Swinging Strike 0-1: SINGLE (Groundball, 56S, EV 61.9 MPH) (infield hit) David Rhodes to third Mario Nunez to second
|
Batting: RHB Willis Suarez
|
0-0: Ball 1-0: Ball 2-0: Called Strike 2-1: Foul Ball, location: 2F 2-2: Ball 3-2: Base on Balls David Rhodes scores Mario Nunez to third Jason Duncan to second
|
Batting: RHB Jose Rolon
|
0-0: Ball 1-0: Called Strike 1-1: SINGLE (Line Drive, 7S, EV 97.5 MPH) Mario Nunez scores Jason Duncan to third Willis Suarez to second
|
Batting: RHB Marco Maggs
|
0-0: Fly out, F8 (Flyball, 8RXD, EV 90.0 MPH) Runner from 3rd tags up, SCORES, no throw by CF
|
Batting: LHB Steve Gates
|
0-0: Ball 1-0: Swinging Strike 1-1: Swinging Strike 1-2: Foul Ball, location: 2F 1-2: Foul Ball, location: 2F 1-2: Ball 2-2: Foul Ball, location: 2F 2-2: Foul Ball, location: 2F 2-2: Foul Ball, location: 2F 2-2: 3-RUN HOME RUN (Flyball, 9D, EV 95.6 MPH), Distance : 383 ft
|
Batting: RHB Josh LeSage
|
0-0: Ball 1-0: Ball 2-0: Ball 3-0: Called Strike 3-1: Swinging Strike 3-2: Foul Ball, location: 2F 3-2: Strikes out swinging, 2-3 out at first.
|
Batting: LHB George Jedinak
|
0-0: Called Strike 0-1: Ball 1-1: Ball 2-1: Ground out 6-3 (Groundball, 6, EV 89.4 MPH)
|
Top of the 2nd over - 6 runs, 3 hits, 0 errors, 0 left on base; Clemson University 6 - University of Michigan 1 |
BOTTOM OF THE 2ND |
University of Michigan Wolverines batting - Pitching for Clemson University Tigers : RHP Ken Stump
|
Batting: RHB Mario Cruz
|
0-0: Ground out 5-3 (Groundball, 5, EV 86.2 MPH)
|
Batting: RHB Torsten Ernst
|
0-0: Called Strike 0-1: Called Strike 0-2: Foul Ball, location: 2F 0-2: Foul Ball, location: 2F 0-2: Ball 1-2: Strikes out swinging
|
Batting: RHB Aaron Marakovits
|
0-0: Called Strike 0-1: Foul Ball, location: 2F 0-2: Ball 1-2: Foul Ball, location: 2F 1-2: Strikes out swinging
|
Bottom of the 2nd over - 0 runs, 0 hits, 0 errors, 0 left on base; Clemson University 6 - University of Michigan 1 |
TOP OF THE 3RD |
Clemson University Tigers batting - Pitching for University of Michigan Wolverines : RHP Henrik Berg
|
Batting: RHB David Rhodes
|
0-0: Called Strike 0-1: Called Strike 0-2: Ball 1-2: Ball 2-2: Foul Ball, location: 2F 2-2: Foul Ball, location: 2F 2-2: Ball 3-2: Foul Ball, location: 2F 3-2: Base on Balls
|
Batting: LHB Mario Nunez
|
0-0: Fly out, F7 (Flyball, 78M, EV 85.6 MPH)
|
Batting: RHB Jason Duncan
|
0-0: Ball 1-0: Ball 2-0: Ball 3-0: Base on Balls David Rhodes to second
|
Batting: RHB Willis Suarez
|
0-0: Ball 1-0: Ball 2-0: Ball Wild Pitch! David Rhodes to third Jason Duncan to second 3-0: Base on Balls
|
Batting: RHB Jose Rolon
|
0-0: Ball 1-0: Foul Ball, location: 2F 1-1: Ball 2-1: Called Strike 2-2: Strikes out swinging
|
Batting: RHB Marco Maggs
|
0-0: Fly out, F6 (Popup, 6MD, EV 74.4 MPH)
|
Top of the 3rd over - 0 runs, 0 hits, 0 errors, 3 left on base; Clemson University 6 - University of Michigan 1 |
BOTTOM OF THE 3RD |
University of Michigan Wolverines batting - Pitching for Clemson University Tigers : RHP Ken Stump
|
Batting: LHB Murdock Cranton
|
0-0: Swinging Strike 0-1: Called Strike 0-2: Ground out 1-3 (Groundball, 34S, EV 68.8 MPH)
|
Batting: RHB Chris Williamson
|
0-0: Ball 1-0: Foul Ball, location: 2F 1-1: Swinging Strike 1-2: Ball 2-2: Strikes out swinging
|
Batting: RHB Quirino Portel
|
0-0: Called Strike 0-1: Foul Ball, location: 2F 0-2: Foul Ball, location: 2F 0-2: Ball 1-2: Ball 2-2: Strikes out swinging
|
Bottom of the 3rd over - 0 runs, 0 hits, 0 errors, 0 left on base; Clemson University 6 - University of Michigan 1 |
TOP OF THE 4TH |
Clemson University Tigers batting - Pitching for University of Michigan Wolverines : RHP Henrik Berg
|
Batting: LHB Steve Gates
|
0-0: Called Strike 0-1: Foul Ball, location: 2F 0-2: Strikes out swinging
|
Batting: RHB Josh LeSage
|
0-0: Called Strike 0-1: Foul Ball, location: 2F 0-2: Strikes out swinging
|
Batting: LHB George Jedinak
|
0-0: Ball 1-0: Ball 2-0: Foul Ball, location: 2F 2-1: SINGLE (Line Drive, 7S, EV 102.5 MPH)
|
Batting: RHB David Rhodes
|
0-0: Ball 1-0: Called Strike 1-1: DOUBLE (Line Drive, 78D, EV 108.8 MPH) George Jedinak to third Runner from 3rd tries for Home, SAFE, throw by LF to trailing runner, SAFE at third!
|
Batting: LHB Mario Nunez
|
0-0: Called Strike 0-1: Fly out, F9 (Flyball, 9D, EV 90.0 MPH)
|
Top of the 4th over - 1 run, 2 hits, 0 errors, 1 left on base; Clemson University 7 - University of Michigan 1 |
BOTTOM OF THE 4TH |
University of Michigan Wolverines batting - Pitching for Clemson University Tigers : RHP Ken Stump
|
Batting: RHB Danny Arroyo
|
0-0: Swinging Strike 0-1: Foul Ball, location: 2F 0-2: Ball 1-2: Strikes out swinging
|
Batting: LHB Omar Gutierrez
|
0-0: Called Strike 0-1: DOUBLE (Flyball, 8RD, EV 90.0 MPH)
|
Batting: LHB Lance Sabo
|
0-0: Fly out, F7 (Flyball, 7, EV 96.2 MPH)
|
Batting: RHB Mario Cruz
|
0-0: Called Strike 0-1: Called Strike 0-2: Strikes out swinging
|
Bottom of the 4th over - 0 runs, 1 hit, 0 errors, 1 left on base; Clemson University 7 - University of Michigan 1 |
TOP OF THE 5TH |
Clemson University Tigers batting - Pitching for University of Michigan Wolverines : RHP Henrik Berg
|
Batting: RHB Jason Duncan
|
0-0: Ball 1-0: Called Strike 1-1: Foul Ball, location: 2F 1-2: Strikes out swinging
|
Batting: RHB Willis Suarez
|
0-0: Ball 1-0: Ball 2-0: Called Strike 2-1: Foul Ball, location: 2F 2-2: SINGLE (Groundball, 4MD, EV 101.9 MPH)
|
Batting: RHB Jose Rolon
|
0-0: Called Strike 0-1: Ball 1-1: Ball 2-1: Ball 3-1: Swinging Strike 3-2: Strikes out looking
|
Batting: RHB Marco Maggs
|
0-0: Called Strike 0-1: Ball 1-1: Fly out, F9 (Flyball, 9LM, EV 85.6 MPH)
|
Top of the 5th over - 0 runs, 1 hit, 0 errors, 1 left on base; Clemson University 7 - University of Michigan 1 |
BOTTOM OF THE 5TH |
University of Michigan Wolverines batting - Pitching for Clemson University Tigers : RHP Ken Stump
|
Batting: RHB Torsten Ernst
|
0-0: SINGLE (Groundball, 34, EV 103.1 MPH)
|
Batting: RHB Aaron Marakovits
|
0-0: Sac Bunt to P - play at first, batter OUT! 1-3 Torsten Ernst to second
|
Batting: LHB Murdock Cranton
|
0-0: Ball 1-0: Ground out U3 (Groundball, 13, EV 88.1 MPH) Torsten Ernst to third
|
Batting: RHB Chris Williamson
|
0-0: Swinging Strike 0-1: Ground out 5-3 (Groundball, 56, EV 89.4 MPH)
|
Bottom of the 5th over - 0 runs, 1 hit, 0 errors, 1 left on base; Clemson University 7 - University of Michigan 1 |
TOP OF THE 6TH |
Clemson University Tigers batting - Pitching for University of Michigan Wolverines : RHP Henrik Berg
|
Batting: LHB Steve Gates
|
0-0: Ball 1-0: Ball 2-0: Ball 3-0: Base on Balls
|
Batting: RHB Josh LeSage
|
0-0: Ball 1-0: Ball 2-0: Ball 3-0: Base on Balls Steve Gates to second
|
Batting: LHB George Jedinak
|
0-0: Ball 1-0: Ball 2-0: Foul Ball, location: 2F 2-1: Fly out, F8 (Flyball, 8LM, EV 78.1 MPH)
|
Batting: RHB David Rhodes
|
0-0: Ball 1-0: Ball 2-0: Ball 3-0: Base on Balls Steve Gates to third Josh LeSage to second
|
Batting: LHB Mario Nunez
|
Balk! Steve Gates scores Josh LeSage to third David Rhodes to second 0-0: SINGLE (Groundball, 5D, EV 106.2 MPH) Josh LeSage scores David Rhodes to third
|
Batting: RHB Jason Duncan
|
0-0: SINGLE (Groundball, 6M, EV 96.9 MPH) (infield hit) David Rhodes scores Mario Nunez to second
|
Batting: RHB Willis Suarez
|
0-0: 3-RUN HOME RUN (Flyball, 7D, EV 93.8 MPH), Distance : 375 ft
|
Batting: RHB Jose Rolon
|
0-0: Ground out 3-1 (Groundball, 34, EV 85.6 MPH)
|
Batting: RHB Marco Maggs
|
0-0: Ball 1-0: Ball 2-0: Called Strike 2-1: SINGLE (Line Drive, 7LS, EV 106.9 MPH)
|
Batting: LHB Steve Gates
|
0-0: Ground out U3 (Groundball, 3, EV 103.1 MPH)
|
Top of the 6th over - 6 runs, 4 hits, 0 errors, 1 left on base; Clemson University 13 - University of Michigan 1 |
BOTTOM OF THE 6TH |
University of Michigan Wolverines batting - Pitching for Clemson University Tigers : RHP Ken Stump
|
Batting: RHB Quirino Portel
|
0-0: Fly out, F4 (Line Drive, 4, EV 71.2 MPH)
|
Batting: RHB Danny Arroyo
|
0-0: Ball 1-0: Ball 2-0: Ground out 6-3 (Groundball, 6, EV 77.5 MPH)
|
Batting: LHB Omar Gutierrez
|
0-0: Called Strike 0-1: Swinging Strike 0-2: Ground out 4-3 (Groundball, 4, EV 80.0 MPH)
|
Bottom of the 6th over - 0 runs, 0 hits, 0 errors, 0 left on base; Clemson University 13 - University of Michigan 1 |
TOP OF THE 7TH |
Clemson University Tigers batting - Pitching for University of Michigan Wolverines : RHP Henrik Berg
|
Batting: RHB Josh LeSage
|
0-0: DOUBLE (Flyball, 8LXD, EV 76.9 MPH)
|
Batting: LHB George Jedinak
|
0-0: Hit by Pitch
|
Batting: RHB David Rhodes
|
0-0: Ball 1-0: Ball 2-0: Ball 3-0: Called Strike 3-1: Base on Balls Josh LeSage to third George Jedinak to second
|
Batting: LHB Mario Nunez
|
0-0: Foul Ball, location: 2F 0-1: Fly out, F7 (Flyball, 78S, EV 80.6 MPH)
|
Batting: RHB Jason Duncan
|
0-0: Foul Ball, location: 2F 0-1: Called Strike 0-2: Ball 1-2: Ball 2-2: Strikes out swinging
|
Batting: RHB Willis Suarez
|
0-0: SINGLE (Groundball, 6M, EV 107.5 MPH) Josh LeSage scores George Jedinak to third David Rhodes to second Runner from 3rd tries for Home, SAFE, throw by CF to home
|
Batting: RHB Jose Rolon
|
0-0: Called Strike 0-1: Foul Ball, location: 2F 0-2: Ball 1-2: Strikes out swinging
|
Top of the 7th over - 2 runs, 2 hits, 0 errors, 2 left on base; Clemson University 15 - University of Michigan 1 |
BOTTOM OF THE 7TH |
University of Michigan Wolverines batting - Pitching for Clemson University Tigers : RHP Ken Stump
|
Batting: LHB Lance Sabo
|
0-0: Ground out 6-3 (Groundball, 6, EV 88.8 MPH)
|
Batting: RHB Mario Cruz
|
0-0: Swinging Strike 0-1: Swinging Strike 0-2: Foul Ball, location: 2F 0-2: Ball 1-2: Foul Ball, location: 2F 1-2: Foul Ball, location: 2F 1-2: Strikes out swinging
|
Batting: RHB Torsten Ernst
|
0-0: Ball 1-0: Swinging Strike 1-1: Ball 2-1: Foul Ball, location: 2F 2-2: Strikes out swinging
|
Bottom of the 7th over - 0 runs, 0 hits, 0 errors, 0 left on base; Clemson University 15 - University of Michigan 1 |
TOP OF THE 8TH |
Clemson University Tigers batting - Pitching for University of Michigan Wolverines : RHP Henrik Berg
|
Batting: RHB Marco Maggs
|
0-0: Ball 1-0: Foul Ball, location: 2F 1-1: Ball 2-1: Foul Ball, location: 2F 2-2: Strikes out swinging
|
Batting: LHB Steve Gates
|
0-0: Ball 1-0: Called Strike 1-1: Swinging Strike 1-2: Ball 2-2: Strikes out swinging
|
Batting: RHB Josh LeSage
|
0-0: Ball 1-0: Fly out, F8 (Flyball, 8RM, EV 88.8 MPH)
|
Top of the 8th over - 0 runs, 0 hits, 0 errors, 0 left on base; Clemson University 15 - University of Michigan 1 |
BOTTOM OF THE 8TH |
University of Michigan Wolverines batting - Pitching for Clemson University Tigers : RHP Ken Stump
|
Batting: RHB Aaron Marakovits
|
0-0: Called Strike 0-1: Ball 1-1: Ball 2-1: Swinging Strike 2-2: Strikes out looking
|
Batting: LHB Murdock Cranton
|
0-0: Ball 1-0: Called Strike 1-1: Called Strike 1-2: Ball 2-2: Foul Ball, location: 2F 2-2: Ball 3-2: Base on Balls
|
Pitching: RHP Gustavo Carena
|
|
Batting: RHB Chris Williamson
|
0-0: Foul Ball, location: 2F 0-1: Ball 1-1: Swinging Strike 1-2: Ball 2-2: SINGLE (Flyball, 89S, EV 87.5 MPH) Murdock Cranton to second Runner from 2nd tries for 3rd, SAFE, no throw by RF
|
Batting: RHB Quirino Portel
|
0-0: Ball 1-0: Ball 2-0: Called Strike 2-1: Swinging Strike 2-2: Strikes out swinging
|
Batting: RHB Danny Arroyo
|
0-0: Fielders Choice at 2nd, 5-4 (Groundball, 56, EV 83.1 MPH)
|
Bottom of the 8th over - 0 runs, 1 hit, 0 errors, 2 left on base; Clemson University 15 - University of Michigan 1 |
TOP OF THE 9TH |
Clemson University Tigers batting - Pitching for University of Michigan Wolverines : RHP Henrik Berg
|
Batting: LHB George Jedinak
|
0-0: Swinging Strike 0-1: Foul Ball, location: 2F 0-2: Fly out, F7 (Flyball, 7, EV 81.9 MPH)
|
Batting: RHB David Rhodes
|
0-0: Ball 1-0: SOLO HOME RUN (Flyball, 7D, EV 99.4 MPH), Distance : 369 ft
|
Batting: LHB Mario Nunez
|
0-0: Called Strike 0-1: SINGLE (Groundball, 4D, EV 94.4 MPH)
|
Batting: RHB Jason Duncan
|
0-0: SINGLE (Line Drive, 5D, EV 95.0 MPH) Mario Nunez to second
|
Batting: RHB Willis Suarez
|
0-0: Ball 1-0: Grounds into double play, 6-4-3 (Groundball, 6, EV 101.9 MPH)
|
Top of the 9th over - 1 run, 3 hits, 0 errors, 1 left on base; Clemson University 16 - University of Michigan 1 |
BOTTOM OF THE 9TH |
University of Michigan Wolverines batting - Pitching for Clemson University Tigers : RHP Gustavo Carena
|
Batting: LHB Omar Gutierrez
|
0-0: Ball 1-0: Ball 2-0: Called Strike 2-1: Called Strike 2-2: Foul Ball, location: 2F 2-2: Strikes out swinging
|
Batting: LHB Lance Sabo
|
0-0: Swinging Strike 0-1: Swinging Strike 0-2: Ball 1-2: Ball 2-2: Ball 3-2: Strikes out swinging
|
Pitching: RHP Richard Clements
|
|
Batting: RHB Mario Cruz
|
0-0: Called Strike 0-1: Ground out 5-3 (Groundball, 5S, EV 70.0 MPH)
|
Bottom of the 9th over - 0 runs, 0 hits, 0 errors, 0 left on base; Clemson University 16 - University of Michigan 1 |
|